SA
SYRACUSE STORM @ HAMMOND HERONS
07/19/2025
 
TOP OF THE 1ST
Syracuse Storm batting - Pitching for Hammond Herons : LHP Rust Cohle
Pitching: LHP Rust Cohle
Batting: RHB Theron Hammond 0-0: Swinging Strike
0-1: Ball
1-1: Foul Ball, location: 2F
1-2: Ball
2-2: Foul Ball, location: 2F
2-2: Strikes out looking
Batting: RHB Tyrell Wellick 0-0: Ball
1-0: Called Strike
1-1: SINGLE (Groundball, 6MD)
Batting: RHB Cisco Hernández 0-0: Fly out, F7 (Flyball, 7)
Batting: RHB Phil Sherman 0-0: Ground out 5-3 (Groundball, 56S)
Top of the 1st over - 0 run(s), 1 hit(s), 0 error(s), 1 left on base; Syracuse 0 - Hammond 0
BOTTOM OF THE 1ST
Hammond Herons batting - Pitching for Syracuse Storm : RHP Gonzalo Montés
Pitching: RHP Gonzalo Montés
Batting: RHB Héctor Rivera 0-0: Ball
1-0: Called Strike
1-1: Ball
2-1: Foul Ball, location: 2F
2-2: Strikes out swinging
Batting: LHB Stanley Belote 0-0: Called Strike
0-1: Foul Ball, location: 2F
0-2: Strikes out swinging
Batting: RHB José Jarca 0-0: Called Strike
0-1: Ball
1-1: Called Strike
1-2: Strikes out swinging
Bottom of the 1st over - 0 run(s), 0 hit(s), 0 error(s), 0 left on base; Syracuse 0 - Hammond 0
TOP OF THE 2ND
Syracuse Storm batting - Pitching for Hammond Herons : LHP Rust Cohle
Batting: RHB José Costello 0-0: Ball
1-0: Called Strike
1-1: Ball
2-1: Foul Ball, location: 2F
2-2: Ball
3-2: Foul Ball, location: 2F
3-2: Strikes out swinging
Batting: RHB Eduardo Santos 0-0: Ball
1-0: Foul Ball, location: 2F
1-1: Ball
2-1: Foul Ball, location: 2F
2-2: Foul Ball, location: 2F
2-2: Foul Ball, location: 2F
2-2: Strikes out looking
Batting: RHB Jerry Bowen 0-0: Foul Ball, location: 2F
0-1: Swinging Strike
0-2: Strikes out swinging
Top of the 2nd over - 0 run(s), 0 hit(s), 0 error(s), 0 left on base; Syracuse 0 - Hammond 0
BOTTOM OF THE 2ND
Hammond Herons batting - Pitching for Syracuse Storm : RHP Gonzalo Montés
Batting: RHB Manuel Guillama 0-0: Foul Ball, location: 2F
0-1: Foul Ball, location: 2F
0-2: Foul Ball, location: 2F
0-2: DOUBLE (Groundball, 5L)
Batting: RHB Jay Hood 0-0: Ball
1-0: Foul Ball, location: 2F
1-1: Foul Ball, location: 2F
1-2: Strikes out looking
Batting: LHB Rubén Aracil 0-0: Called Strike
0-1: Called Strike
0-2: Strikes out looking
Batting: RHB David Meléndez 0-0: Called Strike
0-1: Ball
1-1: Ball
2-1: Ground out 5-3 (Groundball, 5)
Bottom of the 2nd over - 0 run(s), 1 hit(s), 0 error(s), 1 left on base; Syracuse 0 - Hammond 0
TOP OF THE 3RD
Syracuse Storm batting - Pitching for Hammond Herons : LHP Rust Cohle
Batting: SHB Lúcio Gonzáles 0-0: Fly out, F9 (Flyball, 9LSF)
Batting: LHB King Randell 0-0: Foul Ball, location: 2F
0-1: SINGLE (Line Drive, 8RS)
Batting: RHB Theron Hammond 0-0: Ball
1-0: Foul Ball, location: 2F
1-1: Foul Ball, location: 2F
1-2: Strikes out swinging
Batting: RHB Tyrell Wellick 0-0: Ball
1-0: Fielders Choice at 2nd, 5-4 (Groundball, 5)
Top of the 3rd over - 0 run(s), 1 hit(s), 0 error(s), 0 left on base; Syracuse 0 - Hammond 0
BOTTOM OF THE 3RD
Hammond Herons batting - Pitching for Syracuse Storm : RHP Gonzalo Montés
Batting: RHB Mark Frisby 0-0: Ball
1-0: Ball
2-0: Called Strike
2-1: Foul Ball, location: 2F
2-2: Ground out 5-3 (Groundball, 5)
Batting: RHB Sergio Pérez 0-0: Ground out 6-3 (Groundball, 6S)
Batting: RHB Héctor Rivera 0-0: Called Strike
0-1: Fly out, F5 (Line Drive, 5)
Bottom of the 3rd over - 0 run(s), 0 hit(s), 0 error(s), 0 left on base; Syracuse 0 - Hammond 0
TOP OF THE 4TH
Syracuse Storm batting - Pitching for Hammond Herons : LHP Rust Cohle
Batting: RHB Cisco Hernández 0-0: Ball
1-0: TRIPLE (Line Drive, 8LM)
Batting: RHB Phil Sherman 0-0: Ball
1-0: Called Strike
1-1: Called Strike
1-2: Ball
2-2: SINGLE (Groundball, 56D)
Cisco Hernández scores
Batting: RHB José Costello 0-0: Called Strike
0-1: Ball
1-1: Grounds into double play, 5-4-3 (Groundball, 5)
Batting: RHB Eduardo Santos 0-0: Ball
1-0: Foul Ball, location: 2F
1-1: Ball
2-1: Foul Ball, location: 2F
2-2: Ball
3-2: Strikes out swinging
Top of the 4th over - 1 run(s), 2 hit(s), 0 error(s), 0 left on base; Syracuse 1 - Hammond 0
BOTTOM OF THE 4TH
Hammond Herons batting - Pitching for Syracuse Storm : RHP Gonzalo Montés
Batting: LHB Stanley Belote 0-0: Ball
1-0: Foul Ball, location: 2F
1-1: Ball
2-1: Foul Ball, location: 2F
2-2: Foul Ball, location: 2F
2-2: Strikes out swinging
Batting: RHB José Jarca 0-0: Ground out 6-3 (Groundball, 6)
Batting: RHB Manuel Guillama 0-0: Called Strike
0-1: Called Strike
0-2: Strikes out swinging
Bottom of the 4th over - 0 run(s), 0 hit(s), 0 error(s), 0 left on base; Syracuse 1 - Hammond 0
TOP OF THE 5TH
Syracuse Storm batting - Pitching for Hammond Herons : LHP Rust Cohle
Batting: RHB Jerry Bowen 0-0: Called Strike
0-1: Fly out, F6 (Line Drive, 6M)
Batting: SHB Lúcio Gonzáles 0-0: SINGLE (Groundball, 6MD)
Batting: LHB King Randell 0-0: Foul Ball, location: 2F
0-1: Ball
1-1: Ball
2-1: SINGLE (Groundball, 34D)
Lúcio Gonzáles to second
Runner from 2nd tries for 3rd, SAFE, throw made to third
Batting: RHB Theron Hammond 0-0: Called Strike
0-1: Ball
1-1: Swinging Strike
1-2: Strikes out swinging
Batting: RHB Tyrell Wellick 0-0: Called Strike
0-1: Fly out, F8 (Flyball, 8RM)
Top of the 5th over - 0 run(s), 2 hit(s), 0 error(s), 2 left on base; Syracuse 1 - Hammond 0
BOTTOM OF THE 5TH
Hammond Herons batting - Pitching for Syracuse Storm : RHP Gonzalo Montés
Batting: RHB Jay Hood 0-0: Ball
1-0: Swinging Strike
1-1: Fly out, F8 (Line Drive, 8LM)
Batting: LHB Rubén Aracil 0-0: Called Strike
0-1: Ball
1-1: Ball
2-1: Foul Ball, location: 2F
2-2: Strikes out swinging
Batting: RHB David Meléndez 0-0: Fly out, F4 (Line Drive, 4)
Bottom of the 5th over - 0 run(s), 0 hit(s), 0 error(s), 0 left on base; Syracuse 1 - Hammond 0
TOP OF THE 6TH
Syracuse Storm batting - Pitching for Hammond Herons : LHP Rust Cohle
Batting: RHB Cisco Hernández 0-0: Called Strike
0-1: Ball
1-1: Called Strike
1-2: Ball
2-2: Ball
3-2: Strikes out swinging
Batting: RHB Phil Sherman 0-0: Called Strike
0-1: Fly out, F8 (Line Drive, 8LM)
Batting: RHB José Costello 0-0: Ball
1-0: Ball
2-0: Ball
3-0: Swinging Strike
3-1: Base on Balls
Batting: RHB Eduardo Santos 0-0: Ball
José Costello is caught stealing 2nd base
Top of the 6th over - 0 run(s), 0 hit(s), 0 error(s), 0 left on base; Syracuse 1 - Hammond 0
BOTTOM OF THE 6TH
Hammond Herons batting - Pitching for Syracuse Storm : RHP Gonzalo Montés
Batting: RHB Mark Frisby 0-0: Ball
1-0: Called Strike
1-1: Fly out, F9 (Flyball, 9LS)
Batting: RHB Sergio Pérez 0-0: Ball
1-0: Foul Ball, location: 2F
1-1: Called Strike
1-2: Ground out 6-3 (Groundball, 56)
Batting: RHB Héctor Rivera 0-0: Ball
1-0: Ball
2-0: Foul Ball, location: 2F
2-1: Foul Ball, location: 2F
2-2: Foul Ball, location: 2F
2-2: Strikes out swinging
Bottom of the 6th over - 0 run(s), 0 hit(s), 0 error(s), 0 left on base; Syracuse 1 - Hammond 0
TOP OF THE 7TH
Syracuse Storm batting - Pitching for Hammond Herons : LHP Rust Cohle
Batting: RHB Eduardo Santos 0-0: Foul Ball, location: 2F
0-1: Fly out, F4 (Popup, 4D)
Batting: RHB Jerry Bowen 0-0: Called Strike
0-1: Foul Ball, location: 2F
0-2: Ball
1-2: Strikes out swinging
Batting: SHB Lúcio Gonzáles 0-0: Foul Ball, location: 2F
0-1: Ball
1-1: Called Strike
1-2: SINGLE (Line Drive, 6D)
Pinch Hitting: LHB Ricardo Ríos 0-0: Called Strike
Lúcio Gonzáles is caught stealing 2nd base
Top of the 7th over - 0 run(s), 1 hit(s), 0 error(s), 0 left on base; Syracuse 1 - Hammond 0
BOTTOM OF THE 7TH
Hammond Herons batting - Pitching for Syracuse Storm : RHP Gonzalo Montés
Now at 1B: Jim Unknown
Batting: LHB Stanley Belote 0-0: Foul Ball, location: 2F
0-1: Ball
1-1: Ball
2-1: Ball
3-1: Base on Balls
Batting: RHB José Jarca 0-0: Ball
1-0: Called Strike
1-1: Ball
2-1: Ball
3-1: Fly out, F6 (Flyball, 6MD)
Batting: RHB Manuel Guillama 0-0: Ball
1-0: Ball
2-0: Called Strike
2-1: 2-RUN HOME RUN (Flyball, 7LD), Distance : 316 ft
Batting: RHB Jay Hood 0-0: Swinging Strike
0-1: Called Strike
0-2: Strikes out swinging
Batting: LHB Rubén Aracil 0-0: Called Strike
0-1: Ground out U3 (Groundball, 3)
Bottom of the 7th over - 2 run(s), 1 hit(s), 0 error(s), 0 left on base; Syracuse 1 - Hammond 2
TOP OF THE 8TH
Syracuse Storm batting - Pitching for Hammond Herons : LHP Rust Cohle
Now at 2B: Rex Scurlock
Batting: RHB Jim Unknown 0-0: Ball
1-0: Ball
2-0: Ball
3-0: Called Strike
3-1: Foul Ball, location: 2F
3-2: Foul Ball, location: 2F
3-2: Fly out, F9 (Flyball, 9)
Batting: RHB Theron Hammond 0-0: Called Strike
0-1: Swinging Strike
0-2: Ball
1-2: Ball
2-2: Ball
3-2: Ground out 4-3 (Groundball, 4)
Batting: RHB Tyrell Wellick 0-0: Ball
1-0: Fly out, F4 (Popup, 4S)
Top of the 8th over - 0 run(s), 0 hit(s), 0 error(s), 0 left on base; Syracuse 1 - Hammond 2
BOTTOM OF THE 8TH
Hammond Herons batting - Pitching for Syracuse Storm : RHP Gonzalo Montés
Batting: RHB David Meléndez 0-0: SINGLE (Line Drive, 4D)
Batting: RHB Mark Frisby 0-0: Sac Bunt - play at first, batter safe!
David Meléndez to second
Batting: RHB Sergio Pérez 0-0: Bunt missed!
0-1: Sac Bunt - play at third, runner OUT! 2-6
Mark Frisby to second
Batting: RHB Héctor Rivera 0-0: Called Strike
0-1: Swinging Strike
0-2: Ball
1-2: Ball
2-2: Fly out, F7 (Flyball, 7)
Batting: LHB Stanley Belote 0-0: Ball
1-0: Ball
2-0: Ground out 3-1 (Groundball, 34)
Bottom of the 8th over - 0 run(s), 2 hit(s), 0 error(s), 2 left on base; Syracuse 1 - Hammond 2
TOP OF THE 9TH
Syracuse Storm batting - Pitching for Hammond Herons : LHP Rust Cohle
Pitching: RHP Jim Unknown
Now at 3B: Alfonso Pérez
Pinch Hitting: LHB Jim Unknown 0-0: Swinging Strike
0-1: Ground out 4-3 (Groundball, 4M)
Pinch Hitting: RHB Jim Unknown 0-0: Ball
1-0: Foul Ball, location: 2F
1-1: Ball
2-1: Foul Ball, location: 2F
2-2: Ball
3-2: Strikes out swinging
Pinch Hitting: RHB Jim Unknown 0-0: Foul Ball, location: 2F
0-1: Swinging Strike
0-2: Ball
1-2: Foul Ball, location: 2F
1-2: Foul Ball, location: 2F
1-2: Ball
2-2: Ball
3-2: Fly out, F8 (Flyball, 89M)
Top of the 9th over - 0 run(s), 0 hit(s), 0 error(s), 0 left on base; Syracuse 1 - Hammond 2
Friday, December 30th, 2016 - OOTP Baseball 17.12 Build 75